 Dungeon Crawl Stone Soup version 0.31-a0-1338-gb567cfdca4 (webtiles) character file.

Game seed: 5383014731790087139

440 jestert79 the Twirler (level 7, -9/66 HPs)
             Began as an Oni Gladiator on Dec 21, 2023.
             Was a Plaything of Xom.
             Mangled by a cane toad (22 damage)
             ... on level 5 of the Dungeon.
             The game lasted 00:08:12 (3187 turns).

jestert79 the Twirler (Oni Gladiator)               Turns: 3187, Time: 00:08:13

Health: -9/66      AC:  4    Str: 21    XL:     7   Next: 2%
Magic:  7/7        EV: 10    Int:  9    God:    Xom [.....*]
Gold:   82         SH:  0    Dex: 10    Spells: 6/6 levels left

rFire   + . .        a - +0 quarterstaff
rCold   + . .        (shield currently unavailable)
rNeg    . . .        b - +0 robe
rPois   +            c - +0 hat
rElec   +            s - +0 cloak
rCorr   +            (gloves unavailable)
SInv    .            (boots unavailable)
Will    .....        (no amulet)
Stlth   +            (no ring)
HPRegen 0.31/turn    (no ring)
MPRegen 0.10/turn

%: no passive effects
@: lethally poisoned (-9 -> -15), resistant, cleaving, invisible
A: drunken brawling, large, unfitting armour, horns 1, tough skin 1, double
potion healing
a: Renounce Religion


You were on level 5 of the Dungeon.
You worshipped Xom.
You were Xom's teddy bear.
You visited 1 branch of the dungeon, and saw 5 of its levels.

You collected 82 gold pieces.

Inventory:

Hand Weapons
 a - a +0 quarterstaff (weapon)
Missiles
 d - 3 throwing nets (quivered)
 e - a large rock
 k - 6 boomerangs
Armour
 b - a +0 robe (worn)
 c - a +0 hat (worn)
 s - a +0 cloak (worn)
Magical Staves
 o - a staff of earth
Jewellery
 q - a ring of resist corrosion
Scrolls
 g - 2 scrolls of enchant weapon {unknown}
 i - 4 scrolls of teleportation {unknown}
 j - a scroll of poison {unknown}
 l - a scroll of fear {unknown}
 m - a scroll of fog {unknown}
 n - 2 scrolls of immolation {unknown}
 p - a scroll of revelation {unknown}
 t - a scroll of silence {unknown}
 u - a scroll of identify {unknown}
Potions
 h - a potion of invisibility


   Skills:
 - Level 2.6 Fighting
 + Level 7.7 Staves
 - Level 2.0 Throwing
 - Level 2.6 Dodging


You had 6 spell levels left.
You didn't know any spells.
Your spell library contained the following spells:

 Spells                   Type           Power      Damage    Failure   Level
 Freeze                   Ice            0%         1d3       38%         1
 Frozen Ramparts          Ice            0%         1d1       77%         3
 Hailstorm                Conj/Ice       0%         3d5       77%         3


Dungeon Overview and Level Annotations

Branches:
Dungeon (6/15)
 Temple: D:4-7

Altars:
Xom

Shops:
D:6 [


Innate Abilities, Weirdness & Mutations

Whenever you drink a potion that restores your health or magic, you attack all enemies around you.
You are too large for most types of armour.
You have a pair of small horns on your head.
You have tough skin. (AC +1)
Whenever you drink a potion that restores your health or magic, it restores twice as much.


Message History

You're too confused to attack without stumbling around!
You're too confused to attack without stumbling around!
You hit the cane toad but do no damage. You headbutt the cane toad.
The cane toad is lightly wounded. "Go forth and destroy!"
Your +0 quarterstaff looks sharp.
The cane toad barely misses you.
Unknown command.
You bump into the rock wall.
The cane toad stings you but does no damage.
Unknown command.
You bump into the rock wall.
The cane toad stings you!!
You are poisoned.
The cane toad poisons you! The cane toad closely misses you.
Unknown command.
You barely miss the cane toad.
The cane toad is lightly wounded.
You feel very sick.
The cane toad stings you but does no damage.
Unknown command.
It was a potion of invisibility.
You fade into invisibility!
You feel very sick. The cane toad stings you!
You bump into the rock wall.
You feel very sick. The cane toad stings you.
Unknown command.
Unknown command.
You bump into the rock wall.
You feel less invigorated.
You feel less confused.
You feel very sick. The cane toad stings you!!
* * * LOW HITPOINT WARNING * * *
Unknown command.
It was a potion of resistance.
You feel protected.
You feel sick. The cane toad stings you!!
You die...
Xom giggles madly!

.. #........
...#....?..#
..#...b...#
.........# ##
#.......# #.
#.......# ###.
#...l...# #...
#F##.# #####.#.
#@##.# #.....#.
#b##.######.# #.#.
#b##........###...
#.................
####.#############
...# #####


You could see a cane toad (unable to see you, ally target) and an iguana (unable
to see you).

Vanquished Creatures
  A black bear (D:3)
  A scorpion (D:5)
  A hound (D:5)
  2 sleepcaps (D:6)
  Jessica (D:2)
  8 gnolls
  3 adders
  3 dart slugs
  5 orcs (D:6)
  6 ball pythons
  9 bats
  2 endoplasms
  2 giant cockroaches
  4 goblins
  5 hobgoblins
  6 jackals
  2 quokkas
  7 frilled lizards
  4 kobolds
  5 rats
77 creatures vanquished.

Notes
Turn   | Place    | Note
-------+----------+-------------------------------------------
     0 | D:1      | jestert79 the Oni Gladiator began the quest for the Orb.
     0 | D:1      | Reached XP level 1. HP: 22/22 MP: 1/1
   110 | D:1      | Reached XP level 2. HP: 28/29 MP: 2/2
   333 | D:1      | Reached skill level 4 in Staves
   439 | D:1      | Reached XP level 3. HP: 27/33 MP: 3/3
  1003 | D:2      | Noticed Jessica
  1010 | D:2      | Killed Jessica
  1011 | D:2      | Reached XP level 4. HP: 33/44 MP: 4/4
  1072 | D:2      | Reached skill level 5 in Staves
  1083 | D:2      | Found a shimmering altar of Xom.
  1485 | D:2      | Reached XP level 5. HP: 11/50 MP: 5/5
  1904 | D:3      | Noticed a black bear
  1964 | D:2      | Became a worshipper of Xom the Random
  2057 | D:3      | XOM: divination: detect items
  2159 | D:2      | XOM: silly message
  2217 | D:3      | XOM: divination: detect creatures
  2224 | D:3      | XOM: potion effect (curing)
  2225 | D:3      | Killed a black bear
  2226 | D:3      | Reached skill level 6 in Staves
  2226 | D:3      | Reached XP level 6. HP: 59/59 MP: 6/6
  2460 | D:3      | You fall into a shaft and drop 3 floors!
  2499 | D:6      | Reached skill level 7 in Staves
  2725 | D:6      | Found Zaotseno's Armour Shop.
  2890 | D:5      | Entered Level 5 of the Dungeon
  3003 | D:5      | Reached XP level 7. HP: 28/66 MP: 7/7
  3076 | D:5      | XOM: noise
  3172 | D:5      | a black bear changed into a cane toad
  3172 | D:5      | Noticed a cane toad
  3172 | D:5      | XOM: polymorph black bear -> cane toad
  3178 | D:5      | XOM: butterfly on damage
  3179 | D:5      | XOM: cleaving
  3180 | D:5      | XOM: cleaving
  3187 | D:5      | Mangled by a cane toad

Illustrated notes

Levels and vault maps discovered:
D:1:      minmay_arrival_stair_chambers, layout_loops_ring, grunt_decor_clamped
D:2:      layout_basic, serial_corexii_hall, corexii_hall_statues_x,
          corexii_hall_statues_l, basic_altar, uniq_jessica
D:3:      layout_loops_ring, uniq_sigmund
D:5:      layout_loops_ring, minmay_temple_entry_tees, enter_ossuary_5,
          uniq_grinder
D:6:      layout_rooms, mainiacjoe_overflow_swirl, serial_shops,
          nicolae_shop_tiny_real_fake_doors, grunt_ministairs_8

Skill      XL: |  1  2  3  4  5  6 |
---------------+-------------------+-----
Staves         | 4 5 6 7 |  7.7
Fighting       | |  2.6
Throwing       | |  2.0
Dodging        | |  2.6

Action                     |  1- 3 |  4- 6 |  7- 9 || total
---------------------------+-------+-------+-------++-------
  Melee: Quarterstaff      |    76 |   114 |     2 ||   192
         Headbutt          |    10 |    20 |     1 ||    31
  Throw: Throwing net      |       |     2 |       ||     2
    Use: Potion            |       |       |     3 ||     3
 Armour: Robe              |    57 |    78 |     8 ||   143
  Dodge: Dodged            |    44 |    47 |     7 ||    98

Table legend: (Time is in decaauts)
 A = Elapsed time spent in this place.
 B = Non-inter-level travel time spent in this place.
 C = Inter-level travel time spent in this place.
 D = Time resting spent in this place.
 E = Time spent auto-exploring this place.
 F = Levels seen in this place.
 G = Mean time per level.
                   A        B        C        D        E       F      G
               +--------+--------+--------+--------+--------+-----+--------+
         Total |   3195 |   2976 |    219 |    732 |   1376 |   5 |  639.0 |
       Dungeon |   3195 |   2976 |    219 |    732 |   1376 |   5 |  639.0 |
               +--------+--------+--------+--------+--------+-----+--------+

Top non-repeatable levels by time:
     D:1: 1126 daAuts
     D:2: 914 daAuts
     D:3: 430 daAuts
     D:6: 428 daAuts
     D:5: 296 daAuts
